 Dungeon Crawl Stone Soup version 0.30-a0-760-g5a9884bb7c (webtiles) character file.

Game seed: 9574720635701666820

16 Esekla the Sneak (level 2, 10/16 HPs)
             Began as a Vine Stalker Delver on Feb 12, 2023.
             Quit the game on level 5 of the Dungeon.
             The game lasted 00:03:19 (251 turns).

Esekla the Sneak (Vine Stalker Delver)               Turns: 251, Time: 00:03:20

Health: 10/16      AC:  3    Str: 14    XL:     2   Next: 54%
Magic:  3/3        EV: 11    Int: 10    God:
Gold:   0          SH:  0    Dex: 15    Spells: 2/2 levels left

rFire   . . .      SeeInvis .    a - +0 falchion
rCold   . . .      Faith    .    (no shield)
rNeg    . . .      Spirit   +    b - +0 leather armour
rPois   .          Reflect  .    (no helmet)
rElec   .          Harm     .    (no cloak)
rCorr   .          Rampage  .    (no gloves)
Will    .....                    (no boots)
Stlth   +++                      (no amulet)
HPRegen 0.22/turn                (no ring)
MPRegen 0.08/turn                (no ring)

@: hasted, very quick
A: fangs 2, magic shield, antimagic bite, no potion heal 2
a: no special abilities


You were on level 5 of the Dungeon.
You visited 1 branch of the dungeon, and saw 1 of its levels.

Inventory:

Hand Weapons
 a - a +0 falchion (weapon)
Armour
 b - a +0 leather armour (worn)
 h - the +1 leather armour of Cedwyif {Str-2 Dex+4}
   (You found it on level 5 of the Dungeon)

   Str:       It affects your strength (-2).
   Dex:       It affects your dexterity (+4).
Wands
 g - a wand of digging (3)
Scrolls
 c - a scroll of fog
 d - a scroll of teleportation {unknown}
 e - a scroll of fear
Potions
 f - a potion of berserk rage {unknown}


   Skills:
 * Level 2.9 Fighting
 * Level 1.9 Long Blades
 + Level 1.6 Dodging
 + Level 6.3 Stealth
 * Level 0.5 Spellcasting


You had 2 spell levels left.
You didn't know any spells.
Your spell library was empty.

Dungeon Overview and Level Annotations

Branches:
Dungeon (5/15)
 Temple: D:4-7

Altars:
Ashenzari
Elyvilon


Innate Abilities, Weirdness & Mutations

You have extremely sharp teeth.
When hurt, damage is shared between your health and your magic reserves.
Your bite disrupts and absorbs the magic of your enemies.
Potions cannot restore your health.


Message History

An orc comes into view. It is wielding a +0 short sword.
There is a stone staircase leading down here.
Found a white marble altar of Elyvilon.
Found a stone staircase leading up.
Found 6 gold pieces.
You start waiting.
A jelly is nearby!
The jelly quivers.
Search for what [? for help]? spiked Unknown command.
There is a stone staircase leading down here.
A white imp comes into view.
Found 17 gold pieces.
You see here the +1 leather armour of Cedwyif {Str-2 Dex+4}.
h - the +1 leather armour of Cedwyif {Str-2 Dex+4}
Found 18 gold pieces.
You open the door.
There is an open door here.
An adder comes into view.
Found a stone staircase leading up.
You feel yourself speed up. The adder bites you.
There is a stone staircase leading up here.
You hit the adder but do no damage. Your bite misses the adder.
The adder bites you. x2
You closely miss the adder. You bite the adder. You drain its power.
The adder is heavily wounded.
The adder closely misses you.
You closely miss the adder. Your bite misses the adder.
The adder is heavily wounded.
The adder bites you.
You hit the adder.
You kill the adder!
Found a stone staircase leading down.
A shadow imp and a quasit come into view.
Found a diamond ring and 19 gold pieces.
There is an open door here.
The jelly jiggles.
You see here a fizzy inky potion.
f - a fizzy inky potion Are you sure you want to abandon this character and quit the game? (Confirm with "yes".)

*,*,,*,,* *,~~~,,,* *..~~...*
#.~~~≈..# ******** #.~~~~..#
#....... #...~.5$# #.......
#.......# ###########.......
#......#######........##.......
###......##....#@.......##.......
....J....##...........$.##.......
###......##.............##.......
####...##.............##.......
###.##.........J.#######<#..
########..#...........#######†#..
......................'..........
......................#######....
..........#....∩......# #####


You could see a jelly.

Vanquished Creatures
  An adder (D:5)
  A white imp (D:5)
2 creatures vanquished.

Notes
Turn   | Place    | Note
-------+----------+-------------------------------------------
     0 | D:5      | Esekla the Vine Stalker Delver began the quest for the Orb.
     0 | D:5      | Reached XP level 1. HP: 11/11 MP: 2/2
    15 | D:5      | Found a broken altar of Ashenzari.
    51 | D:5      | Reached XP level 2. HP: 8/16 MP: 3/3
   113 | D:5      | Found a white marble altar of Elyvilon.
   193 | D:5      | Identified the +1 leather armour of Cedwyif {Str-2 Dex+4}
   251 | D:5      | Quit the game

Illustrated notes

Levels and vault maps discovered:
D:5:      layout_basic, lemuel_doored_altar, mainiacjoe_overflow_paths,
          serial_demonic, serial_demonic_f, serial_demonic_e, serial_demonic_d,
          serial_demonic_d, serial_demonic_f, serial_demonic_g

Action                     || total
---------------------------++-------
  Melee: Falchion          ||     6
         Bite              ||     2
    Use: Scroll            ||     1
         Potion            ||     1
  Dodge: Dodged            ||     1

Table legend: (Time is in decaauts)
 A = Elapsed time spent in this place.
 B = Non-inter-level travel time spent in this place.
 C = Inter-level travel time spent in this place.
 D = Time resting spent in this place.
 E = Time spent auto-exploring this place.
 F = Levels seen in this place.
 G = Mean time per level.
                   A        B        C        D        E       F      G
               +--------+--------+--------+--------+--------+-----+--------+
         Total |    243 |    243 |      0 |     70 |      0 |   1 |  243.0 |
       Dungeon |    243 |    243 |      0 |     70 |      0 |   1 |  243.0 |
               +--------+--------+--------+--------+--------+-----+--------+

Top non-repeatable levels by time:
     D:5: 243 daAuts
